 Dungeon Crawl Stone Soup version 0.29.1-1-gd02db6906a (webtiles) character file.

Game seed: 3842237950638608664

741 Aibolit the Conjurer (level 8, -1/45 (52) HPs)
             Began as a Human Conjurer on Oct 5, 2022.
             Was an Initiate of Sif Muna.
             Slain by Edmund
             ... wielding a +1 dire flail of draining
              (3 damage)
             ... on level 5 of the Dungeon.
             The game lasted 00:11:04 (7043 turns).

Aibolit the Conjurer (Human Conjurer)               Turns: 7043, Time: 00:11:05

HP:   -1/45 (52)    AC:  2    Str:  8    XL:     8   Next: 5%
MP:   7/14          EV: 12    Int: 21    God:    Sif Muna [......]
Gold: 238           SH:  3    Dex: 11    Spells: 12/15 levels left

rFire   . . .      SeeInvis .   d - +1 dagger (flame)
rCold   . . .      Faith    .   c - +0 buckler
rNeg    . . .      Spirit   .   a - +0 robe
rPois   .          Reflect  .   (no helmet)
rElec   .          Harm     .   (no cloak)
rCorr   .          Rampage  .   (no gloves)
Will    .....                   (no boots)
Stlth   +++.......              (no amulet)
HPRegen 0.15/turn               (no ring)
MPRegen 0.14/turn               (no ring)

@: heavily drained
A: no striking features
a: Renounce Religion


You were on level 5 of the Dungeon.
You worshipped Sif Muna.
Sif Muna was noncommittal.
You visited 1 branch of the dungeon, and saw 5 of its levels.

You collected 238 gold pieces.

Inventory:

Hand Weapons
 d - a +1 dagger of flaming (weapon)
 w - the +1 scythe of the Living God {protect, rF+}
   (You found it on level 5 of the Dungeon)

   It grants its wielder temporary protection when it strikes (+7 to AC).
   rF:        It protects you from fire.
Armour
 a - a +0 robe (worn)
 c - a +0 buckler (worn)
Wands
 m - a wand of flame (9)
 v - a wand of acid (10)
Scrolls
 e - 2 scrolls of blinking
 i - 3 scrolls of vulnerability
 j - 5 scrolls of identify
 l - a scroll of enchant weapon
 q - a scroll of torment {unknown}
 t - 2 scrolls of teleportation
Potions
 b - 2 potions of magic
 f - a potion of might
 g - 4 potions of flight {unknown}
 h - a potion of lignification {unknown}
 k - a potion of degeneration {unknown}
 n - 2 potions of cancellation {unknown}
 o - a potion of ambrosia {unknown}
 p - 2 potions of curing {unknown}
 r - a potion of heal wounds {unknown}
 s - a potion of berserk rage {unknown}


   Skills:
 + Level 4.5 Dodging
 + Level 4.9 Stealth
 + Level 4.2 Spellcasting
 + Level 5.7 Conjurations


You had 12 spell levels left.
You knew the following spells:

 Your Spells              Type           Power      Damage    Failure   Level
a - Magic Dart            Conj           100%       1d8       1%          1
b - Searing Ray           Conj           56%        2d6       2%          2

Your spell library contained the following spells:

 Spells                   Type           Power      Damage    Failure   Level
 Dazzling Flash           Conj/Hex       32%        N/A       14%         3
 Apportation              Tloc           8%         N/A       16%         1
 Necrotise                Necr           16%        1d4       16%         1
 Summon Small Mammal      Summ           16%        N/A       16%         1
 Fulminant Prism          Conj/Hex       8%         3d7       43%         4
 Iskenderun's Mystic Bla  Conj/Tloc      16%        2d5       43%         4


Dungeon Overview and Level Annotations

Branches:
Dungeon (5/15)
 Temple: D:4-7

Altars:
Ashenzari
Qazlal
Sif Muna
Xom
The Shining One

Shops:
D:2 [   D:3 !

Annotations:
D:4 2 transporters, Gabide's ghost, novice NaMo
D:5 3 runed translucent doors, Earthwalker's ghost, novice TrFi; Edmund


Message History

Edmund is lightly wounded.
Edmund shouts! (Press . to maintain the ray.)
Aiming: Searing Ray (safe; 2% risk of failure)
Press: ? - help, Q - select action, (/) - cycle Shift-Dir - straight line, f/p - Edmund
Aim: Edmund, wielding a +1 dire flail of draining and wearing a +0 scale mail (lightly wounded, 82% to hit)
The searing ray hits Edmund!
Edmund is moderately wounded. (Press . to maintain the ray.)
Aiming: Searing Ray (safe; 2% risk of failure)
Press: ? - help, Q - select action, (/) - cycle Shift-Dir - straight line, f/p - Edmund
Aim: Edmund, wielding a +1 dire flail of draining and wearing a +0 scale mail (moderately wounded, 82% to hit)
The searing ray hits Edmund!
Edmund is heavily wounded. (Press . to maintain the ray.) Edmund hits you with a +1 dire flail of draining!
You feel drained.
Aiming: Searing Ray (safe; 2% risk of failure)
Press: ? - help, Q - select action, (/) - cycle Shift-Dir - straight line, f/p - Edmund
Aim: Edmund, wielding a +1 dire flail of draining and wearing a +0 scale mail (heavily wounded, 82% to hit)
The searing ray hits Edmund.
Edmund is heavily wounded. (Press . to maintain the ray.) Edmund hits you with a +1 dire flail of draining!
You feel drained. Edmund attacks as you move away!
Edmund hits you with a +1 dire flail of draining!
* * * LOW HITPOINT WARNING * * *
You feel drained.
* * * LOW HITPOINT WARNING * * *
Read: scroll of fear
Press: ? - help, Q - select action, (/) - cycle Dir - look around, f - activate Look: Edmund, wielding a +1 dire flail of draining and wearing a +0 scale mail (heavily wounded, chance to affect: 97%)
As you read the scroll of fear, it crumbles to dust.
You assume a fearsome visage.
Edmund resists with some effort.
Edmund hits you with a +1 dire flail of draining!
* * * LOW HITPOINT WARNING * * *
You feel drained.
You die...

#.#.#................###..#
#.#.......................####
####.#..################.........
.....)..#.. #~.....#..#.P..<####
####.#..#.. #~........#.....#
........#..######.###..#.P...#
####....#.........#.##.###.### ##
###..##...........#...#.# .#
#..#[.....@@....)...#.# ##
#..#######..#########.# #
#....................# #
######..###.##..#### # ########)#
#.###.# # #.....##.###.....# #
.....#..#.#)#.#.##### # .##
##..........# ###.......##


You could see Edmund.

Vanquished Creatures
  Sigmund (D:5)
  An ice beast (D:5)
  2 phantoms (D:5)
  A howler monkey (D:5)
  2 jellies (D:5)
  A hound (D:5)
  3 iguanas
  8 adders
  A worm (D:3)
  10 orcs
  4 bats
  4 endoplasms
  3 giant cockroaches
  4 goblins
  4 hobgoblins
  2 quokkas
  4 ball pythons
  5 frilled lizards
  6 kobolds
  6 rats
72 creatures vanquished.

Vanquished Creatures (others)
  A plant (D:3)
  4 toadstools (D:1)
5 creatures vanquished.

Grand Total: 77 creatures vanquished

Notes
Turn   | Place    | Note
-------+----------+-------------------------------------------
     0 | D:1      | Aibolit the Human Conjurer began the quest for the Orb.
     0 | D:1      | Reached XP level 1. HP: 13/13 MP: 3/3
   389 | D:1      | Found a faded altar of an unknown god.
   619 | D:1      | Reached XP level 2. HP: 19/19 MP: 3/5
  1245 | D:2      | Found Esu Goaq's Armour Emporium.
  1417 | D:2      | Reached XP level 3. HP: 21/24 MP: 0/6
  2270 | D:3      | Found Ograuf's Distillery.
  2348 | D:3      | Reached XP level 4. HP: 30/30 MP: 3/7
  2662 | D:3      | Found a shimmering blue altar of Sif Muna.
  2666 | D:3      | Became a worshipper of Sif Muna the Loreminder
  2677 | D:3      | Learned a level 1 spell: Magic Dart
  2681 | D:3      | Learned a level 2 spell: Searing Ray
  2682 | D:3      | Found a shimmering altar of Xom.
  2686 | D:3      | Found a glowing golden altar of the Shining One.
  3572 | D:3      | Reached XP level 5. HP: 26/35 MP: 4/9
  3914 | D:4      | Found a broken altar of Ashenzari.
  4530 | D:4      | Noticed Gabide's ghost (novice NaMo)
  4532 | D:4      | Found a transporter.
  4535 | D:4      | Found a transporter.
  5202 | D:5      | Entered Level 5 of the Dungeon
  5481 | D:5      | Reached XP level 6. HP: 27/41 MP: 1/10
  5777 | D:5      | Found a runed translucent gate.
  5777 | D:5      | Found a runed translucent gate.
  5777 | D:5      | Noticed Earthwalker's ghost (novice TrFi)
  5780 | D:5      | Reached skill level 5 in Conjurations
  5906 | D:5      | Found a runed translucent gate.
  5914 | D:5      | Noticed a two-headed ogre
  6013 | D:5      | Found a stormy altar of Qazlal.
  6176 | D:5      | Reached XP level 7. HP: 32/46 MP: 0/12
  6970 | D:5      | Noticed Sigmund
  6976 | D:5      | Killed Sigmund
  6977 | D:5      | Reached XP level 8. HP: 46/52 MP: 7/14
  6982 | D:5      | Identified the +1 scythe of the Living God {protect, rF+}
  7033 | D:5      | Noticed Edmund
  7043 | D:5      | HP: 2/47 [Edmund/+1 dire flail of draining (8)]
  7043 | D:5      | Slain by Edmund

Illustrated notes

Levels and vault maps discovered:
D:1:      ldierk_water_garden, layout_basic,
          ebering_ecumenical_altar_sacrificial, nrook_uturn,
          minmay_misc_feat_iff, grunt_decor_fettered, kennysheep_nondescript,
          minmay_pentomino_o4
D:2:      layout_basic, serial_shops, nicolae_diamond_shop
D:3:      layout_basic, grunt_temple_overflow_diamond, serial_shops, shop,
          minmay_shallow_snake_nest
D:4:      layout_loops_corners, mainiacjoe_overflow_alcove_1,
          gammafunk_ghost_arena
D:5:      layout_loops_ring, mainiacjoe_overflow_brackets,
          gammafunk_ghost_split, kennysheep_doodads, st_stairs_4,
          sigmund_edmund_badplayer

Skill      XL: |  1  2  3  4  5  6  7 |
---------------+----------------------+-----
Stealth        | 3 4 |  4.9
Dodging        | 3 4 |  4.5
Spellcasting   | 3 4 |  4.2
Conjurations   | 5 |  5.7

Action                   |  1- 3 |  4- 6 |  7- 9 || total
-------------------------+-------+-------+-------++-------
Melee: Unarmed           |     6 |       |       ||     6
       Dagger            |     6 |    35 |       ||    41
 Cast: Magic Dart        |    62 |    98 |    20 ||   180
       Searing Ray       |       |     4 |    11 ||    15
Evoke: Wand              |       |    12 |     3 ||    15
  Use: Scroll            |     5 |     4 |     2 ||    11
       Potion            |       |     1 |       ||     1
Armor: Robe              |     3 |     5 |     1 ||     9
Dodge: Dodged            |    10 |    32 |       ||    42
Block: Buckler           |       |     8 |     1 ||     9
